 Dungeon Crawl Stone Soup version 0.24.0-37-gcf1ca852f1 (webtiles) character file.

Game seed: 3843508327879856047, levelgen mode: deterministic

466 Mrkan the Ruffian (level 6, -12/62 HPs)
             Began as a Troll Monk on Nov 29, 2019.
             Was a Priest of Okawaru.
             Mangled by Prince Ribbit (17 damage)
             ... on level 5 of the Dungeon.
             The game lasted 00:03:22 (1562 turns).

Mrkan the Ruffian (Troll Monk)                      Turns: 1562, Time: 00:03:23

Health: -12/62     AC:  7    Str: 20    XL:     6   Next: 81%
Magic:  5/5        EV: 10    Int:  8    God:    Okawaru [***...]
Gold:   60         SH:  0    Dex: 12    Spells: 5/5 levels left

rFire    . . .     SeeInvis .     - Unarmed
rCold    . . .     Gourm    +   (no shield)
rNeg     . . .     Faith    .   a - +0 robe
rPois    .         Spirit   .   (helmet restricted)
rElec    .         Reflect  .   j - +0 cloak
rCorr    .         Harm     .   (gloves unavailable)
MR       .....                  (boots unavailable)
Stlth    ++........             (no amulet)
HPRegen  0.60/turn              (no ring)
MPRegen  0.09/turn              (no ring)

@: no status effects
A: large, unfitting armour, claws 3, fast metabolism 3, gourmand, regeneration
1, shaggy fur 1, tough skin 3
a: Heroism, Renounce Religion


You were on level 5 of the Dungeon.
You worshipped Okawaru.
Okawaru was most pleased with you.
You were completely stuffed.

You visited 1 branch of the dungeon, and saw 4 of its levels.

You collected 60 gold pieces.

Inventory:

Missiles
 l - a throwing net (quivered)
Armour
 a - a +0 robe (worn)
 j - a +0 cloak (worn)
Jewellery
 p - an uncursed amulet of the gourmand {unknown}
 r - an uncursed amulet of guardian spirit {unknown}
Wands
 t - a wand of polymorph (3)
Scrolls
 c - 3 scrolls of teleportation {unknown}
 f - 2 scrolls of identify {unknown}
 g - a scroll of fear {unknown}
 i - a scroll of blinking {unknown}
 n - a scroll of immolation {unknown}
 o - 2 scrolls of remove curse {unknown}
 q - a scroll of enchant armour {unknown}
Potions
 d - a potion of might {unknown}
 e - 2 potions of agility {unknown}
 h - 3 potions of flight {unknown}
 m - a potion of heal wounds {unknown}
 s - a potion of curing {unknown}
Comestibles
 b - 6 rations
 k - 8 chunks of flesh


   Skills:
 + Level 4.1 Fighting
 - Level 2.4 Dodging
 - Level 1.0 Stealth
 * Level 6.6 Unarmed Combat


You had 5 spell levels left.
You didn't know any spells.
Your spell library was empty.

Dungeon Overview and Level Annotations

Branches:
Dungeon (3/15)

Altars:
Okawaru
Trog

Portals:
Sewer: D:3

Annotations:
D:5 Prince Ribbit


Innate Abilities, Weirdness & Mutations

You are too large for most types of armour.
You have claws for hands.
Your metabolism is lightning-fast.
You like to eat raw meat.
Your natural rate of healing is unusually fast.
You are covered in fur. (AC +1)
You have extremely tough skin. (AC +3)


Message History

You miss Prince Ribbit.
Prince Ribbit is heavily wounded.
Prince Ribbit hits you!
Some of the chunks of flesh in your inventory have rotted away.
You miss Prince Ribbit.
Prince Ribbit is heavily wounded.
Prince Ribbit blinks!
Prince Ribbit blinks!
Prince Ribbit hits you. Prince Ribbit hits you!
* * * LOW HITPOINT WARNING * * *
Prince Ribbit hits you!
* * * LOW HITPOINT WARNING * * *
You closely miss Prince Ribbit.
Prince Ribbit is heavily wounded.
Prince Ribbit hits you but does no damage.
You barely miss Prince Ribbit.
Prince Ribbit is heavily wounded.
Prince Ribbit hits you!
You die...

#.# ### #.#
#.# #.#
####.#
#######
#....#
#.....#
#.####
#.F...####.#
#..@.......#
#......#####
#........#
#......#.#
####+#...#
#####


You could see Prince Ribbit.

Vanquished Creatures
  An ogre (D:5)
  Blork the orc (D:5)
  A crimson imp (D:5)
  2 centaur skeletons (D:5)
  Jessica (D:2)
  An iguana (D:5)
  Ijyb (D:5)
  4 adders
  3 gnolls (D:2)
  A river rat (D:3)
  2 oozes (D:1)
  A worm (D:2)
  5 dart slugs
  2 leopard geckos (D:2)
  An orc (D:5)
  3 ball pythons
  5 giant cockroaches
  4 goblins (D:2)
  3 hobgoblins (D:2)
  2 jackals (D:1)
  3 bats
  5 frilled lizards
  8 kobolds
  A quokka skeleton (D:5)
  9 rats
70 creatures vanquished.

Notes
Turn   | Place    | Note
-------+----------+-------------------------------------------
     0 | D:1      | Mrkan the Troll Monk began the quest for the Orb.
     0 | D:1      | Reached XP level 1. HP: 22/22 MP: 0/0
   131 | D:1      | Reached XP level 2. HP: 25/29 MP: 1/1
   416 | D:1      | Reached XP level 3. HP: 36/36 MP: 2/2
   558 | D:2      | Reached skill level 4 in Unarmed Combat
   669 | D:2      | Found an iron altar of Okawaru.
   677 | D:2      | Became a worshipper of Warmaster Okawaru
   677 | D:2      | Reached * piety under Okawaru
   677 | D:2      | Reached ** piety under Okawaru
   778 | D:2      | Reached XP level 4. HP: 42/45 MP: 3/3
  1000 | D:2      | Noticed Jessica
  1002 | D:2      | Killed Jessica
  1150 | D:2      | Reached skill level 5 in Unarmed Combat
  1152 | D:2      | Reached XP level 5. HP: 44/53 MP: 4/4
  1199 | D:3      | Found a glowing drain.
  1209 | D:3      | You fall into a shaft and drop 2 floors!
  1209 | D:5      | Entered Level 5 of the Dungeon
  1308 | D:5      | Noticed an ogre
  1318 | D:5      | Killed an ogre
  1318 | D:5      | Reached XP level 6. HP: 42/62 MP: 5/5
  1354 | D:5      | Found a bloodstained altar of Trog.
  1375 | D:5      | Reached *** piety under Okawaru
  1375 | D:5      | Reached skill level 6 in Unarmed Combat
  1432 | D:5      | Noticed Blork the orc
  1438 | D:5      | Killed Blork the orc
  1474 | D:5      | Noticed Ijyb
  1487 | D:5      | Killed Ijyb
  1539 | D:5      | Noticed Prince Ribbit
  1562 | D:5      | Mangled by Prince Ribbit

Levels and vault maps discovered:
D:1:      saegor_arrival_simple_b, layout_basic, lemuel_flame_loot_1
D:2:      layout_basic, lemuel_crystal_altar, uniq_jessica
D:3:      layout_rooms, first_ration, portal_sewer_entry_a, serial_forest,
          infiniplex_forest_end_1, infiniplex_forest_lined_1,
          infiniplex_forest_end_2, infiniplex_forest_straight_3,
          infiniplex_forest_lined_3, hangedman_decor_points, uniq_purgy
D:5:      kennysheep_big_flooded_room, layout_basic, basic_altar,
          uniq_blork_the_orc, uniq_prince_ribbit1, uniq_ijyb

Skill      XL: |  1  2  3  4  5  6 |
---------------+-------------------+-----
Unarmed Combat | 4 5 6 |  6.6
Fighting       | 3 4 |  4.1
Dodging        | |  2.4
Stealth        | |  1.0

Action                   |  1- 3 |  4- 6 || total
-------------------------+-------+-------++-------
Melee: Unarmed           |    87 |   100 ||   187
       Punch             |       |     1 ||     1
 Stab: Sleeping          |     2 |     1 ||     3
  Eat: Chunk             |    12 |     8 ||    20
Armor: Robe              |    37 |    22 ||    59
       Skin              |       |     3 ||     3
Dodge: Dodged            |    63 |    46 ||   109
